 Dungeon Sprint DCSS version 0.31-a0-366-ga77b45bd9b (webtiles) character file.

Game seed: 18048347370543751522

10637379 Conn the Archmage (level 18, 76/99 HPs)
             Began as an Octopode Fire Elementalist on July 28, 2023.
             Was the Champion of Sif Muna.
             Escaped with the Orb
             ... and 5 runes!
             The game lasted 02:05:25 (15467 turns).

Conn the Archmage (Octopode Fire Elementalist)     Turns: 15467, Time: 02:05:25

Health: 76/99      AC: 10    Str:  7    XL:     18   Next: 49%
Magic:  2/44       EV: 15    Int: 35    God:    Sif Muna [******]
Gold:   1775       SH: 29    Dex: 19    Spells: 4/71 levels left

rFire   + . .        t - staff of conjuration
rCold   + + .        d - +8 tower shield of Aptewoal {Rampage *Slow rC+ rCorr}
rNeg    . . .        W - +1 hat of Mental Paralysis {rElec rPois Regen+ Str+2}
rPois   +            q - amulet of Remuinar {Spirit Harm rF+ Dex+4}
rElec   +            p - +6 ring of dexterity
rCorr   +            g - ring "Gallet" {rC+ Will+ SInv}
SInv    +            S - ring of resist corrosion
Will    ++...        G - +6 ring of intelligence
Stlth   ++           L - ring of the Tortoise {AC+8}
HPRegen 1.16/turn    K - ring of protection from fire
MPRegen 0.29/turn    E - ring of wizardry
                     U - +6 ring of intelligence

%: no teleportation, slow self (1%), harm (+30% outgoing, +20% incoming),
guardian spirit, rampage, wizardry (x1)
@: studying Earth Magic
A: almost no armour, amphibious, 8 rings, camouflage 1, gelatinous body 1,
(nimble swimmer 1), tentacles, clumsy 2, dopey 1, frail 2, low MP 1, weak 1,
wild magic 1, heat vulnerability 1, inability to read after injury 1
0: Orb of Zot
}: 5/10 runes: serpentine, barnacled, silver, golden, demonic
a: Renounce Religion, Channel Magic, Forget Spell, Divine Exegesis


You escaped.
You worshipped Sif Muna.
Sif Muna was exalted by your worship.
You visited 1 branch You collected 4169 gold pieces.
You spent 2394 gold pieces at shops.

Inventory:

Hand Weapons
 m - the +8 mace of the Eleven Wars {spect, rF+ MP+9 Stlth+}
   (You bought it in a shop in the Dungeon)

   rF:        It protects you from fire.
   MP:        It affects your magic capacity (+9).
   Stlth:     It makes you more stealthy.
 o - the +10 spear of Makhleb, Fortifying {drain, rPois}
   (You took it off a deep elf death mage in the Dungeon)

   rPois:     It protects you from poison.
 O - the +2 morningstar "Girhom" {heavy, rElec Will++}
   (You found it in the Dungeon)

   rElec:     It insulates you from electricity.
   Will:      It greatly increases your willpower.
 P - the +1 dagger "Jolegomn" {drain, *Noise rF+ Int+3 SInv}
   (You found it in the Dungeon)

   Int:       It affects your intelligence (+3).
   rF:        It protects you from fire.
   SInv:      It lets you see invisible.
   *Noise:    It may make noises in combat.
 T - the +13 scythe of Curses {drain, curses, Drain}
   (You took it off a mummy priest in the Dungeon)

   Drain:     It drains your maximum health when unequipped.
Missiles
 y - 7 curare-tipped darts (quivered)
Armour
 d - the +8 tower shield of Aptewoal (worn) {Rampage *Slow rC+ rCorr}
   (You acquired it in the Dungeon)

   rC:        It protects you from cold.
   rCorr:     It protects you from acid and corrosion.
   *Slow:     It may slow you when you take damage.
   Rampage:   It bestows one free step when moving towards enemies.
 k - the +3 hat of Pondering {ponderous, Will+ MP+10 Int+5}
   (You took it off Gastronok in the Dungeon)

   Int:       It affects your intelligence (+5).
   MP:        It affects your magic capacity (+10).
   Will:      It increases your willpower.
 u - the +0 tower shield of the Gate {*Corrode rPois rF+ Dex+4}
   (You found it in the Dungeon)

   Dex:       It affects your dexterity (+4).
   rF:        It protects you from fire.
   rPois:     It protects you from poison.
   *Corrode:  It may corrode you when you take damage.
 Q - a +2 tower shield of reflection
 W - the +1 hat of Mental Paralysis (worn) {rElec rPois Regen+ Str+2}
   (You acquired it in the Dungeon)

   Str:       It affects your strength (+2).
   rElec:     It insulates you from electricity.
   rPois:     It protects you from poison.
   Regen:     It increases your rate of health regeneration.
Magical Staves
 t - a staff of conjuration (weapon)
 J - a staff of cold
Jewellery
 g - the ring "Gallet" (right tentacle) {rC+ Will+ SInv}
   (You acquired it in the Dungeon)

   [ring of willpower]

   rC:        It protects you from cold.
   SInv:      It lets you see invisible.
   Will:      It increases your willpower.
 n - an amulet of regeneration
 p - a +6 ring of dexterity (left tentacle)
 q - the amulet of Remuinar (around mantle) {Spirit Harm rF+ Dex+4}
   (You found it in the Dungeon)

   [amulet of guardian spirit]

   It causes incoming damage to be divided between your reserves of health and
   magic.
   Dex:       It affects your dexterity (+4).
   rF:        It protects you from fire.
   Harm:      It increases damage dealt and taken.
 A - a ring of protection from cold
 E - a ring of wizardry (on tentacle)
 F - a ring of flight
 G - a +6 ring of intelligence (on tentacle)
 K - a ring of protection from fire (on tentacle)
 L - the ring of the Tortoise (on tentacle) {AC+8}
   (You acquired it in the Dungeon)

   [ring of protection]

   AC:        It affects your AC (+8).
 R - a ring of poison resistance
 S - a ring of resist corrosion (on tentacle)
 U - a +6 ring of intelligence (on tentacle)
Wands
 f - a wand of flame (23)
 i - a wand of digging (24)
 v - a wand of mindburst (40)
 w - a wand of paralysis (5)
 x - a wand of iceblast (5)
Scrolls
 h - a scroll of immolation
 l - a scroll of poison
 r - 3 scrolls of amnesia
 s - 2 scrolls of silence
 z - a scroll of butterflies
 C - a scroll of identify
 H - a scroll of enchant weapon
Potions
 a - 3 potions of magic
 b - 6 potions of curing
 e - a potion of berserk rage
 B - 2 potions of might
 M - 2 potions of enlightenment
Miscellaneous
 D - a phantom mirror
 I - a phial of floods
 N - a condenser vane


   Skills:
 + Level 11.5 Fighting
 + Level 2.8 Maces & Flails
 + Level 7.8 Dodging
 - Level 5.4 Stealth
 + Level 16.6 Shields
 + Level 1.1 Unarmed Combat
 O Level 27 Spellcasting
 O Level 27 Conjurations
 + Level 6.2 Hexes
 - Level 5.0 Summonings
 + Level 17.5 Translocations
 O Level 27 Fire Magic
 + Level 2.0 Ice Magic
 + Level 10.4 Air Magic
 + Level 7.7 Poison Magic
 - Level 14.1 Invocations
 + Level 5.1 Evocations


You had 4 spell levels left.
You knew the following spells:

 Your Spells              Type           Power      Damage    Failure   Level
a - Foxfire               Conj/Fire      100%       2x1d9     1%          1
b - Scorch                Fire           100%       2d9       1%          2
c - Inner Flame           Hex/Fire       100%       N/A       1%          3
d - Orb of Destruction    Conj           83%        9d18      1%          7
e - Starburst             Conj/Fire      83%        6d21      1%          6
f - Hailstorm             Conj/Ice       100%       3d20      1%          3
g - Mephitic Cloud        Conj/Pois/Air  100%       N/A       1%          3
h - Fire Storm            Conj/Fire      83%        8d21      2%          9
i - Fireball              Conj/Fire      83%        3d31      1%          5
j - Iskenderun's Mystic   Conj/Tloc      100%       2d19      1%          4
k - Ignition              Fire           70%        3d19      1%          8
l - Blink                 Tloc           100%       N/A       1%          2
m - Summon Guardian Gole  Hex/Summ       85%        N/A       1%          3
n - Leda's Unmaking       Conj/Erth      67%        9d11      1%          6
o - Metabolic Englaciati  Hex/Ice        39%        N/A       9%          5

Your spell library contained the following spells:

 Spells                   Type           Power      Damage    Failure   Level
 Apportation              Tloc           100%       N/A       1%          1
 Freeze                   Ice            100%       1d10      1%          1
 Kiss of Death            Conj/Necr      100%       2d13      1%          1
 Magic Dart               Conj           100%       1d8       1%          1
 Necrotise                Necr           100%       1d9       1%          1
 Sandblast                Erth           100%       2d20      1%          1
 Shock                    Conj/Air       100%       1d9       1%          1
 Slow                     Hex            100%       N/A       1%          1
 Sting                    Tmut/Pois      100%       1d8       1%          1
 Summon Small Mammal      Summ           100%       N/A       1%          1
 Call Imp                 Summ           100%       N/A       1%          2
 Cigotuvi's Dreadful Rot  Necr/Pois/Air  100%       N/A       1%          2
 Ensorcelled Hibernation  Hex/Ice        100%       N/A       1%          2
 Lesser Beckoning         Tloc           100%       N/A       1%          2
 Momentum Strike          Conj/Tloc      100%       3d10      1%          2
 Poisonous Vapours        Pois/Air       100%       N/A       1%          2
 Searing Ray              Conj           100%       2d8       1%          2
 Static Discharge         Conj/Air       100%       2-7/arc   1%          2
 Call Canine Familiar     Summ           82%        N/A       1%          3
 Confusing Touch          Hex            87%        N/A       1%          3
 Dazzling Flash           Conj/Hex       100%       N/A       1%          3
 Gell's Gravitas          Tloc           100%       N/A       1%          3
 Ignite Poison            Fire/Tmut/Pois 100%       N/A       1%          3
 Portal Projectile        Hex/Tloc       100%       N/A       1%          3
 Stone Arrow              Conj/Erth      100%       3d13      1%          3
 Swiftness                Air            100%       N/A       1%          3
 Teleport Other           Tloc           100%       N/A       1%          3
 Tukima's Dance           Hex            87%        N/A       1%          3
 Vhi's Electric Charge    Tloc/Air       100%       N/A       1%          3
 Volatile Blastmotes      Fire/Tloc      100%       2d18      1%          3
 Airstrike                Air            51%        2d(8-24)  1%          4
 Cause Fear               Hex            43%        N/A       1%          4
 Flame Wave               Conj/Fire      100%       2d21      1%          4
 Fulminant Prism          Conj/Hex       72%        3d30      1%          4
 Manifold Assault         Tloc           100%       N/A       1%          4
 Olgreb's Toxic Radiance  Pois           93%        N/A       1%          4
 Passage of Golubria      Tloc           100%       N/A       1%          4
 Sticky Flame             Conj/Fire      100%       2d11      1%          4
 Summon Lightning Spire   Summ/Air       92%        N/A       1%          4
 Passwall                 Tmut/Erth      47%        N/A       2%          2
 Sublimation of Blood     Necr           57%        N/A       2%          2
 Wereblood                Tmut           57%        N/A       2%          2
 Frozen Ramparts          Ice            100%       1d16      2%          3
 Ozocubu's Armour         Ice            69%        N/A       2%          3
 Anguish                  Hex/Necr       37%        N/A       4%          4
 Leda's Liquefaction      Hex/Erth       37%        N/A       4%          4
 Summon Ice Beast         Ice/Summ       76%        N/A       4%          4
 Vampiric Draining        Necr           57%        2d10      5%          3
 Animate Dead             Necr           57%        N/A       14%         4
 Dispel Undead            Necr           57%        3d20      14%         4
 Petrify                  Tmut/Erth      57%        N/A       14%         4
 Arcjolt                  Conj/Air       74%        1d84      1%          5
 Freezing Cloud           Conj/Ice/Air   67%        6-21      1%          5
 Irradiate                Conj/Tmut      67%        3d34      1%          5
 Iskenderun's Battlesphe  Conj           100%       2d15      1%          5
 Silence                  Hex/Air        47%        N/A       1%          5
 Summon Forest            Summ/Tloc      52%        N/A       1%          5
 Conjure Ball Lightning   Conj/Air       74%        3x3d27    1%          6
 Dispersal                Tloc           61%        N/A       1%          6
 Plasma Beam              Fire/Air       62%        2x1d78    1%          6
 Spellforged Servitor     Conj/Summ      71%        N/A       2%          7
 Summon Mana Viper        Hex/Summ       85%        N/A       4%          5
 Disjunction              Tloc           61%        N/A       8%          8
 Alistair's Intoxication  Tmut/Pois      51%        N/A       9%          5
 Yara's Violent Unravell  Hex/Tmut       37%        3d15      12%         5
 Malign Gateway           Summ/Tloc      52%        N/A       12%         7
 Summon Cactus Giant      Summ           41%        N/A       26%         6
 Lehudib's Crystal Spear  Conj/Erth      67%        10d15     32%         8
 Agony                    Necr           57%        N/A       34%         5
 Borgnjor's Vile Clutch   Necr/Erth      28%        N/A       34%         5
 Lee's Rapid Deconstruct  Erth           28%        3d15*     34%         5
 Eringya's Noxious Bog    Tmut/Pois      38%        4d6       38%         6
 Chain Lightning          Conj/Air       74%        3d99      52%         9
 Enfeeble                 Hex            43%        N/A       63%         7
 Maxwell's Capacitive Co  Air            51%        ∞         73%         8
 Simulacrum               Ice/Necr       31%        N/A       75%         6
 Monstrous Menagerie      Summ           41%        N/A       77%         7
 Summon Hydra             Summ           41%        N/A       77%         7
 Death Channel            Necr           28%        N/A       86%         6
 Haunt                    Necr/Summ      35%        N/A       97%         7
 Ozocubu's Refrigeration  Ice            34%        4d15      98%         7
 Discord                  Hex            43%        N/A       99%         8
 Borgnjor's Revivificati  Necr           28%        N/A       100%        8
 Infestation              Necr           28%        N/A       100%        8
 Summon Horrible Things   Summ           41%        N/A       100%        8
 Death's Door             Necr           28%        N/A       100%        9
 Dragon's Call            Summ           41%        N/A       100%        9
 Polar Vortex             Ice            34%        12d4*     100%        9
 Shatter                  Erth           28%        3d24*     100%        9


Dungeon Overview and Level Annotations

Branches:
Dungeon (1/1)

Altars:
Cheibriados
Dithmenos
Elyvilon
Fedhas
Gozag
Hepliaklqana
Kikubaaqudgha
Makhleb
Nemelex Xobeh
Okawaru
Qazlal
Ru
Sif Muna
Trog
Uskayaw
Vehumet
Wu Jian
Xom
Yredelemnul
Zin
The Shining One
Jiyva
Lugonu

Shops:
D :[?(:!([[[![[(?=?[*[:=!


Innate Abilities, Weirdness & Mutations

You cannot wear most types of armour.
You are amphibious.
You can wear up to eight rings at the same time.
Your skin changes colour to match your surroundings (Stealth+).
Your rubbery body absorbs attacks. (AC +1, EV +1)
((You are camouflaged when in or above water. (Stealth+)))
You have tentacles for arms and can constrict up to eight enemies at once.
You are very clumsy. (Dex -4)
You are dopey. (Int -2)
You are very frail. (-20% HP)
Your magical capacity is low. (-10% MP)
You are weak. (Str -2)
Your spells are a little harder to cast, but a little more powerful.
You are vulnerable to heat. (rF-)
You occasionally lose the ability to read scrolls when taking damage.


Message History

Casting: Fire Storm (dangerous; 2% risk of failure)
Confirm with . or Enter, or press ? or * to list all spells.
Casting: Starburst (safe; 1% risk of failure)
Press: ? - help, Dir - look around, f - activate You feel a surge of power!
The tree burns like a torch!
The bolt of fire hits the orange demon!!!
You kill the orange demon!
Sif Muna accepts your kill.
The forest fire spreads!
There is an open door to the Ecumenical Temple here.
The forest fire spreads!
The forest fire spreads!
There is an open door here.
An Orb Guardian comes into view.
There is an open door here.
You closely miss the Orb Guardian. Your squeeze misses the Orb Guardian.
The Orb Guardian hits you but does no damage.
The Orb Guardian hits you!!
Casting: Starburst (safe; 1% risk of failure)
Confirm with . or Enter, or press ? or * to list all spells.
Casting: Starburst (safe; 1% risk of failure)
Press: ? - help, Dir - look around, f - activate You feel a surge of power!
The bolt of fire hits the Orb Guardian!!!
The Orb Guardian is severely wounded.
The Orb Guardian misses you.
Unknown command.
Casting: Starburst (safe; 1% risk of failure)
Confirm with . or Enter, or press ? or * to list all spells.
Casting: Starburst (safe; 1% risk of failure)
Press: ? - help, Dir - look around, f - activate You feel a surge of power!
The bolt of fire hits the Orb Guardian!!!
You kill the Orb Guardian!
Sif Muna accepts your kill.
Unknown command.
There is an open door here.
There is a staircase leading out of the dungeon here.
You can't go down here!
You have escaped!

▓▓▓▓▓▓▓▓▓▓▓ ▓▓
▓@.#..'...♣♣ ♣.
▓..#..#....♣♣ ♣♣.
▓#'####.....♣ ♣..
▓.....#....~♣♣♣♣♣.
▓.....#...~~♣♣....
▓.....#..~~~~.....
▓####'#..~≈≈~~~.♣.
▓)....#.~~≈~§)....
▓.....#.~≈~~)))...


There were no monsters in sight!

Vanquished Creatures
  Tiamat (D)
  An orb of fire (D)
  An ancient lich (D)
  Mara (D)
  Mennas (D)
  Sojobo (D)
  2 royal mummies (D)
  Boris (D)
  A Killer Klown (D)
  2 pandemonium lords (D)
  Nikola (D)
  A golden dragon (D)
  Nellie (D)
  Rupert (D)
  3 Orb Guardians (D)
  A Hell Sentinel (D)
  A quicksilver dragon (D)
  2 liches (D)
  A deep elf master archer (D)
  3 deep elf blademasters (D)
  2 titans (D)
  An ancient champion (D)
  Gastronok (D)
  A kraken (D)
  2 sphinxes (D)
  An Executioner (D)
  Chuck (D)
  2 storm dragons (D)
  3 shadow dragons (D)
  Dowan (D)
  Roxanne (D)
  A fire giant (D)
  4 azure jellies (D)
  A nagaraja (D)
  3 frost giants (D)
  2 draconian scorchers (D)
  4 draconian stormcallers (D)
  A stone giant (D)
  2 vampire knights (D)
  A cacodemon (D)
  2 dire elephants (D)
  Nessos (D)
  A yellow draconian (D)
  3 deep elf annihilators (D)
  2 deep elf death magi (D)
  A fire dragon (D)
  7 mummy priests (D)
  A green death (D)
  18 vault guards (D)
  2 yaktaur captains (D)
  2 hell beasts (D)
  2 hydras (D)
  Erolcha (D)
  2 centaur warriors (D)
  An ogre mage (D)
  2 alligator snapping turtles (D)
  4 anacondas (D)
  An anaconda (shapeshifter) (D)
  4 death yaks (D)
  A naga warrior (D)
  Urug (D)
  4 dancing weapons (D)
  A demonic crawler (D)
  2 sun demons (D)
  3 orc high priests (D)
  2 soul eaters (D)
  3 deep elf knights (D)
  A shadow wraith (D)
  8 skeletal warriors (D)
  2 anaconda zombies (D)
  A glowing orange brain (D)
  2 shadow demons (D)
  A sixfirhy (D)
  A deep troll (shapeshifter) (D)
  A death drake (D)
  A spriggan druid (D)
  A spectral iron dragon (D)
  An obsidian statue (D)
  An orange crystal statue (D)
  2 orc knights (D)
  A lindwurm (D)
  A deep elf zephyrmancer (D)
  4 ugly things (D)
  An orc sorcerer (D)
  4 crystal guardians (D)
  5 deep elf pyromancers (D)
  A shining eye (D)
  2 oklob plants (D)
  A moth of wrath (D)
  2 elephants (D)
  A guardian serpent (D)
  A water nymph (shapeshifter) (D)
  A molten gargoyle (D)
  4 black mambas (D)
  9 statues (D)
  2 orange demons (D)
  Duvessa (D)
  2 cane toads (D)
  A hellion (D)
  A komodo dragon (D)
  A rime drake (D)
  5 yaktaurs (D)
  2 anaconda simulacra (D)
  2 ice devils (D)
  20 guardian mummies (D)
  3 wandering mushrooms (D)
  A queen bee (D)
  4 spriggan defenders (D)
  3 hornets (D)
  2 tyrant leeches (D)
  8 blink frogs (D)
  4 snapping turtles (D)
  13 slime creatures (D)
  2 spriggans (D)
  A shadow (D)
  A golden eye (D)
  5 redbacks (D)
  A spatial vortex (D)
  2 iron troll simulacra (D)
  2 nagas (D)
  A neqoxec (D)
  7 water moccasins (D)
  A hydra simulacrum (D)
  A floating eye (D)
  A swamp drake (D)
  A fire dragon simulacrum (D)
  4 orc warriors (D)
  2 black mamba simulacra (D)
  5 two-headed ogres (D)
  A necrophage (D)
  A water elemental (D)
  A scorpion (D)
  32 killer bees (D)
  4 electric eels (D)
  3 orc priests (D)
  A jelly (D)
  2 orc wizards (D)
  A wizard (D)
  A necromancer (D)
  A wolf simulacrum (D)
  3 humans (D)
  A kobold demonologist (D)
  An adder (D)
  8 orcs (D)
  An endoplasm (D)
  3 rats (D)
  2 ballistomycete spores (D)
  8 butterflies (D)
  3 fire vortices (D)
  A foxfire (D)
388 creatures vanquished.

Vanquished Creatures (collateral kills)
  A foxfire (D)
1 creature vanquished.

Vanquished Creatures (others)
  5 ball lightnings (D)
  A ballistomycete spore (D)
  19 fire vortices (D)
  377 foxfires (D)
  8 tentacles (D)
410 creatures vanquished.

Grand Total: 799 creatures vanquished

Notes
Turn   | Place    | Note
-------+----------+-------------------------------------------
     0 | D        | Conn the Octopode Fire Elementalist began the quest for the
                  | Orb.
     0 | D        | Reached XP level 1. HP: 11/11 MP: 3/3
    91 | D        | Noticed a scorpion
   106 | D        | Killed a scorpion
   107 | D        | Reached XP level 2. HP: 17/17 MP: 0/6
   107 | D        | Reached XP level 3. HP: 21/21 MP: 0/8
   107 | D        | Reached XP level 4. HP: 27/27 MP: 0/9
   175 | D        | Gained mutation: You passively map a small area around you.
                  | [potion of mutation]
   176 | D        | Lost mutation: You passively map a small area around you.
                  | [potion of mutation]
   176 | D        | Gained mutation: Your spells are a little harder to cast,
                  | but a little more powerful. [potion of mutation]
   248 | D        | Noticed a water elemental
   253 | D        | Learned a level 2 spell: Scorch
   257 | D        | Learned a level 3 spell: Inner Flame
   262 | D        | Learned a level 4 spell: Flame Wave
   264 | D        | Killed a water elemental
   265 | D        | Reached XP level 5. HP: 31/31 MP: 5/11
   321 | D        | Found a radiant altar of Vehumet.
   321 | D        | Found a shimmering blue altar of Sif Muna.
   321 | D        | Found an ancient bone altar of Kikubaaqudgha.
   325 | D        | Reached skill level 5 in Stealth
   325 | D        | Reached skill level 5 in Spellcasting
   331 | D        | Became a worshipper of Sif Muna the Loreminder
   418 | D        | Noticed a human
   421 | D        | Noticed a human
   430 | D        | Killed a human
   431 | D        | Reached XP level 6. HP: 36/36 MP: 0/15
   431 | D        | Killed a human
   432 | D        | Reached skill level 5 in Dodging
   432 | D        | Reached skill level 1 in Unarmed Combat
   432 | D        | Reached skill level 10 in Fire Magic
   432 | D        | Reached XP level 7. HP: 41/41 MP: 0/18
   552 | D        | Found an ornate altar of the Wu Jian Council.
   553 | D        | Found a hide-covered altar of Uskayaw.
   553 | D        | Found an iron altar of Okawaru.
   553 | D        | Found a bloodstained altar of Trog.
   564 | D        | Found a shadowy altar of Dithmenos.
   567 | D        | Reached * piety under Sif Muna
   569 | D        | Found a basalt altar of Yredelemnul.
   569 | D        | Found a sacrificial altar of Ru.
   624 | D        | Noticed a shadow
   630 | D        | Killed a shadow
   631 | D        | Reached skill level 5 in Conjurations
   631 | D        | Reached skill level 1 in Invocations
   632 | D        | Reached ** piety under Sif Muna
   725 | D        | Found a blossoming altar of Fedhas.
   725 | D        | Found a stormy altar of Qazlal.
   726 | D        | Found a snail-covered altar of Cheibriados.
   726 | D        | Found a burning altar of Makhleb.
   726 | D        | Found a hazy altar of Hepliaklqana.
   726 | D        | Found a shimmering altar of Xom.
   726 | D        | Found an opulent altar of Gozag.
   726 | D        | Found a sparkling altar of Nemelex Xobeh.
   726 | D        | Found a corrupted altar of Lugonu.
   726 | D        | Found a viscous altar of Jiyva.
   726 | D        | Noticed a spatial vortex
   763 | D        | Reached skill level 1 in Hexes
   769 | D        | HP: 1/45 [two-headed ogre/+0 giant club (6)]
   771 | D        | Reached XP level 8. HP: 2/51 MP: 2/20
   956 | D        | Found a glowing silver altar of Zin.
   957 | D        | Found a glowing golden altar of the Shining One.
   958 | D        | Found a white marble altar of Elyvilon.
   963 | D        | Noticed a deep elf pyromancer
   966 | D        | Killed a deep elf pyromancer
   966 | D        | Reached *** piety under Sif Muna
  1048 | D        | Found Cauc's Weapon Shoppe.
  1053 | D        | Noticed an orc knight
  1056 | D        | Noticed an orc high priest
  1059 | D        | Noticed a red devil
  1059 | D        | Noticed an ice devil
  1061 | D        | Noticed an orc sorcerer
  1061 | D        | Killed an orc knight
  1062 | D        | Reached skill level 10 in Spellcasting
  1062 | D        | Reached skill level 5 in Invocations
  1062 | D        | Reached XP level 9. HP: 43/60 MP: 1/23
  1138 | D        | Reached **** piety under Sif Muna
  1353 | D        | Killed an orc sorcerer
  1354 | D        | Reached skill level 5 in Fighting
  1714 | D        | Killed an orc high priest
  1714 | D        | Reached ***** piety under Sif Muna
  1714 | D        | Received a gift from Sif Muna
  1715 | D        | Got Sif Muna's Octavo of the Chilly Tincture {god gift}
  1755 | D        | Bought the +8 mace of the Eleven Wars {spect, rF+ MP+9
                  | Stlth+} for 832 gold pieces
  1920 | D        | Noticed a two-headed ogre
  1936 | D        | Killed a two-headed ogre
  1937 | D        | Reached XP level 10. HP: 69/69 MP: 24/25
  1954 | D        | Noticed Erolcha
  2001 | D        | HP: 3/69 [poisoned by a redback]
  2001 | D        | Killed Erolcha
  2234 | D        | Received a gift from Sif Muna
  2243 | D        | Got Sif Muna's Parchment of Kinetic Gusts {god gift}
  2371 | D        | Reached skill level 10 in Conjurations
  2544 | D        | Learned a level 6 spell: Starburst
  2548 | D        | Learned a level 3 spell: Hailstorm
  2554 | D        | Learned a level 5 spell: Iskenderun's Battlesphere
  2572 | D        | Noticed a cane toad
  2572 | D        | Noticed a cane toad
  2575 | D        | Killed a cane toad
  2576 | D        | Killed a cane toad
  2660 | D        | Noticed a lindwurm
  2664 | D        | Killed a lindwurm
  2665 | D        | Reached XP level 11. HP: 65/78 MP: 24/28
  2726 | D        | Learned a level 5 spell: Arcjolt
  2764 | D        | Noticed a deep elf pyromancer
  2764 | D        | Noticed a deep elf pyromancer
  2764 | D        | Noticed a deep elf knight
  2764 | D        | Noticed a deep elf zephyrmancer
  2764 | D        | Noticed a deep elf pyromancer
  2778 | D        | Killed a deep elf zephyrmancer
  2778 | D        | Received a gift from Sif Muna
  2779 | D        | Reached skill level 1 in Air Magic
  2779 | D        | Got Sif Muna's Secrets of Fulgurous Arcane Weapons {god
                  | gift}
  2785 | D        | Killed a deep elf knight
  2785 | D        | Killed a deep elf pyromancer
  2785 | D        | Reached ****** piety under Sif Muna
  2785 | D        | Killed a deep elf pyromancer
  2786 | D        | Reached skill level 15 in Fire Magic
  2788 | D        | Killed a deep elf pyromancer
  2789 | D        | Reached skill level 1 in Ice Magic
  2890 | D        | Noticed a deep elf annihilator
  2893 | D        | Noticed a deep elf annihilator
  2897 | D        | Noticed a deep elf death mage
  3013 | D        | Killed a deep elf death mage
  3014 | D        | Reached skill level 1 in Shields
  3018 | D        | Noticed a deep elf master archer
  3025 | D        | Killed a deep elf master archer
  3025 | D        | Killed a deep elf annihilator
  3026 | D        | Reached skill level 10 in Fighting
  3030 | D        | Noticed a deep elf annihilator
  3161 | D        | Noticed a deep elf pyromancer
  3169 | D        | Killed a deep elf pyromancer
  3169 | D        | Received a gift from Sif Muna
  3170 | D        | Got Sif Muna's Secrets of the Pyromaniac {god gift}
  3216 | D        | Learned a level 5 spell: Fireball
  3222 | D        | Killed a deep elf death mage
  3223 | D        | Reached skill level 5 in Air Magic
  3223 | D        | Reached skill level 10 in Invocations
  3455 | D        | Killed a deep elf annihilator
  3456 | D        | Reached XP level 12. HP: 88/88 MP: 18/30
  3463 | D        | Killed a deep elf annihilator
  3610 | D        | Identified the +10 spear of Makhleb, Fortifying {drain,
                  | rPois} (You took it off a deep elf death mage in the
                  | Dungeon)
  3620 | D        | Identified the amulet of Remuinar {Spirit Harm rF+ Dex+4}
  3633 | D        | Identified the +1 giant spiked club of the Exiled Planets
                  | {flame, Drain rPois rN+++}
  3634 | D        | Got Vehumet's Cyclopedia of Conflict
  3635 | D        | Identified the +12 shortbow "Zannu" {speed, Dex+2}
  3640 | D        | Identified the +0 tower shield of the Gate {*Corrode rPois
                  | rF+ Dex+4}
  3774 | D        | Received a gift from Sif Muna
  3776 | D        | Received a gift from Sif Muna
  3777 | D        | Received a gift from Sif Muna
  3780 | D        | Received a gift from Sif Muna
  3781 | D        | Reached skill level 5 in Shields
  3918 | D        | Got Sif Muna's Octavo of the Fifth Circle and Allies {god
                  | gift}
  3918 | D        | Got Sif Muna's Elucidation of Locality {god gift}
  3918 | D        | Got Zongeuhy's Tome of Scorched Variation {god gift}
  3927 | D        | Learned a level 4 spell: Iskenderun's Mystic Blast
  3931 | D        | Noticed Nellie
  3946 | D        | Killed Nellie
  3947 | D        | Reached skill level 15 in Spellcasting
  3953 | D        | Got a demonic rune of Zot
  4124 | D        | Noticed Dowan
  4124 | D        | Noticed Duvessa
  4129 | D        | Killed Dowan
  4138 | D        | Killed Duvessa
  4286 | D        | Received a gift from Sif Muna
  4290 | D        | Got Sif Muna's Tome of Moulding and Grit {god gift}
  4839 | D        | Noticed a centaur warrior
  4843 | D        | Killed a centaur warrior
  4844 | D        | Reached skill level 1 in Translocations
  4943 | D        | Received a gift from Sif Muna
  4945 | D        | Reached XP level 13. HP: 31/95 MP: 4/33
  4956 | D        | HP: 4/95 [poisoned by a +2 glaive of venom]
  5218 | D        | Got Sif Muna's Vellum of the Shot {god gift}
  5463 | D        | Found Edghauss's Antique Armour Emporium.
  5463 | D        | Found Bapripn's General Store.
  5463 | D        | Found Uczidipo's Jewellery Boutique.
  5463 | D        | Found Opho's Distillery.
  5463 | D        | Found Maruitev's Magic Scroll Boutique.
  5463 | D        | Found Cekikki's Magic Scroll Shoppe.
  5463 | D        | Found Odipeeso's Jewellery Shop.
  5463 | D        | Found Ykius's Antique Weapon Shop.
  5463 | D        | Found Xomifexe's Book Emporium.
  5463 | D        | Found Vecvy's Antique Armour Emporium.
  5463 | D        | Found Ymuog's Antique Armour Boutique.
  5517 | D        | Bought a scroll of blinking for 105 gold pieces
  5518 | D        | Bought a scroll of butterflies for 52 gold pieces
  5519 | D        | Bought a ring of protection from cold for 350 gold pieces
  5563 | D        | Noticed a yaktaur captain
  5684 | D        | Killed a yaktaur captain
  5758 | D        | Received a gift from Sif Muna
  5780 | D        | Got Sif Muna's Advanced Steps in Gnosis {god gift}
  5968 | D        | Found a blossoming altar of Fedhas.
  5998 | D        | Reached XP level 14. HP: 101/101 MP: 35/35
  6012 | D        | Learned a level 8 spell: Ignition
  6046 | D        | Noticed Urug
  6053 | D        | Killed Urug
  6156 | D        | Received a gift from Sif Muna
  6157 | D        | Got Sif Muna's Almanac of Polytheism {god gift}
  6190 | D        | Learned a level 3 spell: Mephitic Cloud
  6281 | D        | Received a gift from Sif Muna
  6282 | D        | Got Sif Muna's Atlas of the Remoulded Sphinx {god gift}
  6483 | D        | Noticed Rupert
  6501 | D        | Killed Rupert
  6502 | D        | Reached skill level 1 in Maces & Flails
  6502 | D        | Reached skill level 5 in Hexes
  6608 | D        | Received a gift from Sif Muna
  6843 | D        | Noticed a dire elephant
  6845 | D        | Noticed a dire elephant
  6849 | D        | Killed a dire elephant
  6849 | D        | Received a gift from Sif Muna
  6849 | D        | Killed a dire elephant
  6852 | D        | Noticed Gastronok
  6854 | D        | Learned a level 2 spell: Blink
  6858 | D        | Killed Gastronok
  6859 | D        | Reached skill level 15 in Conjurations
  7027 | D        | Noticed an azure jelly
  7027 | D        | Noticed an azure jelly
  7027 | D        | Noticed an azure jelly
  7028 | D        | Noticed an azure jelly
  7036 | D        | Killed an azure jelly
  7036 | D        | Killed an azure jelly
  7036 | D        | Killed an azure jelly
  7039 | D        | Killed an azure jelly
  7039 | D        | Received a gift from Sif Muna
  7040 | D        | Got Cerebov's Treatise on Blows {god gift}
  7273 | D        | Reached XP level 15. HP: 107/107 MP: 38/38
  7274 | D        | Reached skill level 10 in Shields
  7276 | D        | Received a gift from Sif Muna
  7277 | D        | Got Sif Muna's Enchiridion on Spellbinding {god gift}
  7380 | D        | Noticed a nagaraja
  7383 | D        | Killed a nagaraja
  7415 | D        | Found Rojawagg's Book Boutique.
  7415 | D        | Found Wazebox's Antique Armour Emporium.
  7419 | D        | Found Tiwkomub's Magic Scroll Shop.
  7454 | D        | Got a serpentine rune of Zot
  7591 | D        | Received a gift from Sif Muna
  7646 | D        | Got Sif Muna's Reference Book on the Frigid Wind {god gift}
  7651 | D        | Learned a level 3 spell: Summon Guardian Golem
  7666 | D        | Noticed a kraken
  7893 | D        | Reached skill level 1 in Summonings
  8143 | D        | Killed a kraken
  8283 | D        | Received a gift from Sif Muna
  8284 | D        | Got Sif Muna's Catalogue of the Impact {god gift}
  8380 | D        | Found Inairiol's Distillery.
  8380 | D        | Found Onneylal's Book Emporium.
  8380 | D        | Found Tuyfais's Antique Weapon Boutique.
  8388 | D        | Got a barnacled rune of Zot
  8804 | D        | Received a gift from Sif Muna
  8809 | D        | Got Sif Muna's Grimoire of Green Attendants {god gift}
  8815 | D        | Noticed an ancient lich
  8851 | D        | Learned a level 7 spell: Orb of Destruction
  8902 | D        | Noticed Chuck
  9003 | D        | Killed Chuck
  9186 | D        | Noticed Sojobo
  9194 | D        | Killed Sojobo
  9347 | D        | Noticed a lich
  9351 | D        | Killed a lich
  9351 | D        | Received a gift from Sif Muna
  9354 | D        | Got Sif Muna's Tome of Creative Blows {god gift}
  9408 | D        | Reached skill level 5 in Summonings
  9409 | D        | Noticed a shadow dragon
  9410 | D        | Received a gift from Sif Muna
  9410 | D        | Noticed a shadow dragon
  9421 | D        | Killed a shadow dragon
  9591 | D        | Killed a shadow dragon
  9804 | D        | Noticed a quicksilver dragon
  9804 | D        | Noticed a titan
  9804 | D        | Noticed a frost giant
  9804 | D        | Noticed a shadow dragon
  9804 | D        | Noticed a titan
  9804 | D        | Noticed a golden dragon
  9807 | D        | Received a gift from Sif Muna
  9809 | D        | Killed a titan
  9809 | D        | Killed a quicksilver dragon
  9809 | D        | Killed a frost giant
  9809 | D        | Received a gift from Sif Muna
  9810 | D        | Reached XP level 16. HP: 105/113 MP: 34/42
  9812 | D        | Killed a shadow dragon
  9812 | D        | Killed a titan
  9812 | D        | Received a gift from Sif Muna
  9812 | D        | Killed a golden dragon
  9813 | D        | Got Sif Muna's Book of Air and Correspondence {god gift}
  9813 | D        | Got Sif Muna's Compilation of Interference {god gift}
  9813 | D        | Got Sif Muna's Vellum of Bewitching Creation {god gift}
  9823 | D        | Received a gift from Sif Muna
 10013 | D        | Identified the +1 dagger "Jolegomn" {drain, *Noise rF+
                  | Int+3 SInv}
 10016 | D        | Identified the +2 morningstar "Girhom" {heavy, rElec
                  | Will++}
 10021 | D        | Acquired the ring of the Tortoise {AC+8}
 10021 | D        | Found the ring of the Tortoise {AC+8}
 10039 | D        | Identified the amulet of Kitekkus {Acrobat -Cast rF++
                  | Slay+3 Stlth+}
 10045 | D        | Got a silver rune of Zot
 10231 | D        | Bought a ring of wizardry for 420 gold pieces
 10240 | D        | Learned a level 6 spell: Leda's Unmaking
 10252 | D        | Bought a ring of poison resistance for 220 gold pieces
 10252 | D        | Bought a ring of resist corrosion for 220 gold pieces
 10257 | D        | Bought a shiny buckler for 195 gold pieces
 10334 | D        | Received a gift from Sif Muna
 10687 | D        | Noticed Mara
 10691 | D        | Killed Mara
 10741 | D        | Received a gift from Sif Muna
 10797 | D        | Noticed a storm dragon
 10797 | D        | Noticed Nikola
 10800 | D        | Killed a storm dragon
 10833 | D        | Received a gift from Sif Muna
 10945 | D        | Killed Nikola
 10946 | D        | Reached skill level 1 in Poison Magic
 11124 | D        | Received a gift from Sif Muna
 11125 | D        | Got Sif Muna's Omnibus of the Swarm and the Mortuary {god
                  | gift}
 11262 | D        | Found Cuwast's Armour Shoppe.
 11262 | D        | Found Jiejofee's Armour Shop.
 11265 | D        | Found Irhat's Distillery.
 11265 | D        | Found Siarot's Armour Emporium.
 11292 | D        | Received a gift from Sif Muna
 11337 | D        | Noticed Boris
 11345 | D        | Killed Boris
 11345 | D        | Received a gift from Sif Muna
 11471 | D        | Got Sif Muna's Incunabulum of the Voyage and the Glacier
                  | {god gift}
 11483 | D        | Learned a level 9 spell: Fire Storm
 11504 | D        | Noticed Mennas
 11510 | D        | Killed Mennas
 11930 | D        | Reached XP level 17. HP: 57/117 MP: 16/45
 12110 | D        | Noticed Roxanne
 12117 | D        | Killed Roxanne
 12249 | D        | Found Zuaq's Armour Boutique.
 12295 | D        | Received a gift from Sif Muna
 12307 | D        | Received a gift from Sif Muna
 12473 | D        | Noticed an Executioner
 12476 | D        | Killed an Executioner
 12476 | D        | Received a gift from Sif Muna
 12479 | D        | Got Sif Muna's Volume of Collective Zombies {god gift}
 12488 | D        | Killed Nessos
 12668 | D        | Noticed an ancient champion
 12672 | D        | Killed an ancient champion
 12673 | D        | Identified the +10 halberd of Equivalence {speed, Dex+3}
 12768 | D        | Noticed a sphinx
 12768 | D        | Noticed a sphinx
 12772 | D        | Killed a sphinx
 12772 | D        | Killed a sphinx
 12772 | D        | Received a gift from Sif Muna
 12773 | D        | Got Egufores's Folio of Battle Magic and the Map {god gift}
 13130 | D        | Received a gift from Sif Muna
 13145 | D        | Learned a level 5 spell: Metabolic Englaciation
 13400 | D        | Received a gift from Sif Muna
 13401 | D        | Received a gift from Sif Muna
 13662 | D        | Noticed a royal mummy
 13667 | D        | Noticed a royal mummy
 13669 | D        | Killed a royal mummy
 13742 | D        | Killed a royal mummy
 13948 | D        | Got Sif Muna's Writings on the Grave and Venom {god gift}
 13948 | D        | Got Sif Muna's Mastering Sibylline Knowledge {god gift}
 13958 | D        | Acquired the +1 hat of Mental Paralysis {rElec rPois Regen+
                  | Str+2}
 13977 | D        | Got a golden rune of Zot
 14201 | D        | Received a gift from Sif Muna
 14247 | D        | Noticed a deep elf blademaster
 14251 | D        | Killed a deep elf blademaster
 14264 | D        | Noticed a deep elf blademaster
 14264 | D        | Noticed a deep elf blademaster
 14265 | D        | Killed a deep elf blademaster
 14266 | D        | Killed a deep elf blademaster
 14408 | D        | Noticed a Killer Klown
 14411 | D        | Killed a Killer Klown
 14412 | D        | Reached skill level 27 in Spellcasting
 14471 | D        | Noticed an Orb Guardian
 14471 | D        | Noticed an Orb Guardian
 14477 | D        | Killed an Orb Guardian
 14478 | D        | Reached skill level 27 in Fire Magic
 14479 | D        | Killed an Orb Guardian
 14480 | D        | Reached skill level 27 in Conjurations
 14480 | D        | Reached skill level 5 in Translocations
 14645 | D        | Noticed an ancient lich
 14652 | D        | Killed an ancient lich
 14759 | D        | Reached XP level 18. HP: 121/124 MP: 27/49
 14760 | D        | Reached skill level 15 in Shields
 14873 | D        | Reached skill level 10 in Translocations
 14889 | D        | Found the +4 dragonskin cloak
 14889 | D        | Noticed Tiamat
 14894 | D        | Reached skill level 5 in Poison Magic
 14894 | D        | Reached skill level 1 in Evocations
 14900 | D        | Killed Tiamat
 14934 | D        | Noticed an orb of fire
 14945 | D        | Gained mutation: You are clumsy. (Dex -2) [mutagenic glow]
 14947 | D        | Killed an orb of fire
 14957 | D        | Gained mutation: You are vulnerable to heat. (rF-)
                  | [mutagenic glow]
 14982 | D        | Gained mutation: You are weak. (Str -2) [mutagenic glow]
 14995 | D        | Gained mutation: You are frail. (-10% HP) [mutagenic glow]
 15102 | D        | Gained mutation: You are very frail. (-20% HP) [mutagenic
                  | glow]
 15120 | D        | Lost mutation: You are weak. (Str -2) [mutagenic glow]
 15129 | D        | Got the Orb of Zot
 15137 | D        | Gained mutation: Your magical capacity is low. (-10% MP)
                  | [mutagenic glow]
 15150 | D        | Gained mutation: You occasionally lose the ability to read
                  | scrolls when taking damage. [mutagenic glow]
 15166 | D        | Gained mutation: You are weak. (Str -2) [mutagenic glow]
 15191 | D        | Gained mutation: You are very clumsy. (Dex -4) [mutagenic
                  | glow]
 15207 | D        | Gained mutation: You are dopey. (Int -2) [a neqoxec]
 15217 | D        | Noticed Toisumieho the pandemonium lord
 15232 | D        | Reached skill level 15 in Translocations
 15236 | D        | Noticed Civyho Tiese the pandemonium lord
 15236 | D        | Noticed a lich
 15240 | D        | Killed Toisumieho the pandemonium lord
 15241 | D        | Killed a lich
 15256 | D        | Killed Civyho Tiese the pandemonium lord
 15257 | D        | Reached skill level 10 in Air Magic
 15268 | D        | Acquired 478 gold pieces
 15269 | D        | Acquired the +8 tower shield of Aptewoal {Rampage *Slow rC+
                  | rCorr}
 15282 | D        | Acquired the ring "Gallet" {rC+ Will+ SInv}
 15288 | D        | Acquired 1050 gold pieces
 15380 | D        | Noticed a Hell Sentinel
 15385 | D        | Killed a Hell Sentinel
 15386 | D        | Reached skill level 5 in Evocations
 15456 | D        | Noticed an Orb Guardian
 15459 | D        | Killed an Orb Guardian
 15467 | D        | Escaped with the Orb!

Illustrated notes

Levels and vault maps discovered:
D:        dungeon_sprint_mu [sprint_mu_entry_forest, sprint_mu_temple_rooms,
          sprint_mu_d1_spiders, sprint_mu_d2_genie, sprint_mu_d3_branching,
          sprint_mu_orc_legion, sprint_mu_elf_gauntlet, sprint_mu_hive_nellie,
          sprint_mu_lair_fedhas, sprint_mu_vaults_butterflies,
          sprint_mu_slime_circle, sprint_mu_shoals_kraken,
          sprint_mu_snake_twists, sprint_mu_blade_basic, sprint_mu_crypt_lich,
          sprint_mu_tomb_spiral, sprint_mu_vestibule_basic,
          sprint_mu_gehenna_hellfire, sprint_mu_dis_giant,
          sprint_mu_tartarus_statrot, sprint_mu_cocytus_islands, sprint_mu_zot1]

Skill      XL: |  1  2  3  4  5  6  7  8  9 10 11 12 13 14 15 16 17 18 |
---------------+-------------------------------------------------------+-----
Stealth        | 4 5 |  5.4
Dodging        | 3 4 5 6 7 |  7.8
Spellcasting   | 3 4 6 7 8 10 11 13 14 16 17 19 22 24 27 | 27.0
Fire Magic     | 6 7 9 10 11 12 13 14 15 17 19 22 24 27 | 27.0
Conjurations   | 2 3 4 5 7 9 10 11 12 13 15 18 22 27 | 27.0
Unarmed Combat | 1 |  1.1
Fighting       | 2 4 6 8 10 11 | 11.5
Invocations    | 2 5 7 8 10 11 12 13 14 | 14.1
Hexes          | 1 2 3 4 5 6 |  6.2
Air Magic      | 5 6 7 10 | 10.4
Ice Magic      | 2 |  2.0
Shields        | 4 6 7 9 12 13 14 16 | 16.6
Translocations | 1 2 3 9 17 | 17.5
Maces & Flails | 2 |  2.8
Summonings     | 5 |  5.0
Poison Magic   | 1 4 7 |  7.7
Evocations     | 5 |  5.1

Action                     |  1- 3 |  4- 6 |  7- 9 | 10-12 | 13-15 | 16-18 || total
---------------------------+-------+-------+-------+-------+-------+-------++-------
  Melee: Unarmed           |     4 |     3 |       |       |       |       ||     7
         Constrict         |     1 |     2 |       |     2 |     1 |     1 ||     7
         Tentacles         |     1 |     1 |       |     2 |     1 |     3 ||     8
         Dagger            |       |     1 |       |       |       |       ||     1
         Mace              |       |       |       |     4 |     7 |       ||    11
         Punch             |       |       |       |     1 |       |       ||     1
         Spear             |       |       |       |     5 |       |       ||     5
         Morningstar       |       |       |       |       |       |     2 ||     2
         Staff             |       |       |       |       |       |     5 ||     5
   Cast: Foxfire           |     9 |     7 |    91 |    67 |    44 |     1 ||   219
         Scorch            |       |     8 |    30 |    35 |    15 |     2 ||    90
         Inner Flame       |       |     1 |    11 |    17 |    13 |       ||    42
         Flame Wave        |       |       |     3 |     8 |     5 |       ||    16
         Hailstorm         |       |       |       |    11 |     2 |       ||    13
         Starburst         |       |       |       |    18 |    63 |    59 ||   140
         Fireball          |       |       |       |    22 |    52 |    38 ||   112
         Iskenderun's Batt |       |       |       |     9 |     2 |       ||    11
         Iskenderun's Myst |       |       |       |    14 |     8 |    14 ||    36
         Arcjolt           |       |       |       |     4 |     1 |       ||     5
         Mephitic Cloud    |       |       |       |       |     9 |     3 ||    12
         Blink             |       |       |       |       |     2 |     3 ||     5
         Orb of Destructio |       |       |       |       |    13 |    55 ||    68
         Ignition          |       |       |       |       |     3 |    10 ||    13
         Summon Guardian G |       |       |       |       |     1 |       ||     1
         Fire Storm        |       |       |       |       |       |    26 ||    26
 Invoke: Channel Magic     |       |       |       |     2 |       |     6 ||     8
         Divine Exegesis   |       |       |       |       |       |     2 ||     2
  Evoke: Wand              |       |       |       |     1 |       |     1 ||     2
    Use: Scroll            |       |     3 |       |     1 |     9 |     8 ||    21
         Potion            |       |     2 |       |     4 |     3 |     8 ||    17
 Armour: Skin              |       |       |       |       |     1 |     4 ||     5
  Dodge: Dodged            |     7 |     1 |    10 |    23 |    23 |    15 ||    79
  Block: Buckler           |       |       |       |     4 |     7 |       ||    11
         Kite shield       |       |       |       |       |     7 |       ||     7
         Tower shield      |       |       |       |       |       |    25 ||    25
         Reflection        |       |       |       |       |       |     2 ||     2

Table legend: (Time is in decaauts) A = Elapsed time spent in this place. B = Non-inter-level travel time spent in this place. C = Inter-level travel time spent in this place. D = Time resting spent in this place. E = Time spent auto-exploring this place. F = Levels seen in this place. G = Mean time per level. A B C D E F G +--------+--------+--------+--------+--------+-----+--------+ Total | 15653 | 15568 | 85 | 9745 | 473 | 1 | 15653.0 | Dungeon | 15653 | 15568 | 85 | 9745 | 473 | 1 | 15653.0 | +--------+--------+--------+--------+--------+-----+--------+

Top non-repeatable levels by time:
       D: 15653 daAuts
